 Dungeon Crawl Stone Soup version 0.31-a0-234-gad7ace16ef (webtiles) character file.

Game seed: 2479141543773728267

53 qw the Shooter (level 3, -4/21 HPs)
             Began as a Gargoyle Hexslinger on July 9, 2023.
             Slain by an iguana (11 damage)
             ... on level 2 of the Dungeon.
             The game lasted 00:00:26 (746 turns).

qw the Shooter (Gargoyle Hexslinger)                 Turns: 746, Time: 00:00:26

Health: -4/21      AC:  6    Str: 11    XL:     3   Next: 87%
Magic:  4/4        EV: 12    Int: 13    God:
Gold:   25         SH:  0    Dex: 14    Spells: 3/4 levels left

rFire   . . .        Y - +1 sling
rCold   . . .        (no shield)
rNeg    + . .        c - +0 robe
rPois   inf          (no helmet)
rElec   +            (no cloak)
rCorr   .            (no gloves)
SInv    .            d - +0 pair of boots
Will    .....        (no amulet)
Stlth   +            (no ring)
HPRegen 0.23/turn    (no ring)
MPRegen 0.09/turn

%: no passive effects
@: no status effects
A: sickness immunity, AC +3, negative energy resistance 1, electricity
resistance, torment resistance 1, petrification resistance
a: no special abilities


You were on level 2 of the Dungeon.
You visited 1 branch of the dungeon, and saw 2 of its levels.

You collected 25 gold pieces.


Innate Abilities, Weirdness & Mutations

You are immune to sickness and miasma.
Your stone body is resilient. (AC +3)
You are immune to poison.
You resist negative energy. (rN+)
You are resistant to electric shocks. (rElec)
You are resistant to unholy torment.
You are immune to petrification.


   Skills:
 - Level 2.0 Fighting
 + Level 3.7 Ranged Weapons
 - Level 1.5 Dodging
 - Level 1.0 Spellcasting
 - Level 2.6 Hexes


You had 3 spell levels left.
You knew the following spells:

 Your Spells              Type           Power      Damage    Failure   Level
a - Slow                  Hex            28%        N/A       10%         1

Your spell library contained the following spells:

 Spells                   Type           Power      Damage    Failure   Level
 Inner Flame              Hex/Fire       4%         N/A       43%         3
 Portal Projectile        Hex/Tloc       8%         N/A       43%         3
 Cause Fear               Hex            3%         N/A       67%         4

Inventory:

Hand Weapons
 Y - a +1 sling (weapon)
Armour
 a - a +0 cloak
 c - a +0 robe (worn)
 d - a +0 pair of boots (worn)
Scrolls
 b - a scroll of fog {unknown}
Potions
 e - a potion of heal wounds {unknown}
 g - a potion of degeneration {unknown}

Dungeon Overview and Level Annotations

Branches:
Dungeon (2/15)

Altars:


Message History

You see here a +0 sling.
An adder and an iguana come into view.
Enter note:
Enter note:
Enter note: You shoot a sling bullet.
The sling bullet hits the iguana but does no damage.
You shoot a sling bullet.
The sling bullet closely misses the iguana.
You shoot a sling bullet. The sling bullet hits the iguana.
The iguana is moderately wounded.
The adder hisses angrily.
You shoot a sling bullet.
The sling bullet hits the iguana but does no damage.
The iguana is moderately wounded.
You shoot a sling bullet. The sling bullet hits the iguana.
The iguana is heavily wounded.
The iguana bites you but does no damage.
You shoot a sling bullet.
The sling bullet hits the iguana but does no damage.
The iguana is heavily wounded.
The iguana barely misses you.
You shoot a sling bullet.
The sling bullet closely misses the iguana.
The adder bites you but does no damage. The iguana closely misses you.
The adder barely misses you.
You shoot a sling bullet. The sling bullet hits the iguana.
The iguana is severely wounded.
The adder barely misses you. The iguana bites you!
The iguana barely misses you. The adder closely misses you.
You shoot a sling bullet.
The sling bullet hits the iguana but does no damage.
The iguana is heavily wounded.
The adder closely misses you. The iguana bites you.
You shoot a sling bullet.
The sling bullet hits the iguana but does no damage.
The iguana is heavily wounded.
The adder closely misses you. The iguana bites you!
Ouch! That really hurt!
You die...

.... ....###
....... .......
....... ###
....... #..
......l###.# #
......S@.#.#
..#
...$...#)#.##.#
.......#..<#..#
.......##....#
##.######...##
............#
##.##.......#
......##....#
##.###......#


You could see an iguana and an adder.

Vanquished Creatures
  A gnoll (D:1)
  An adder (D:2)
  A dart slug (D:1)
  2 endoplasms
  2 goblins (D:1)
  2 hobgoblins (D:1)
  4 jackals (D:1)
  4 kobolds (D:1)
  4 ball pythons (D:1)
  7 bats
  3 frilled lizards (D:1)
  2 rats (D:1)
33 creatures vanquished.

Notes
Turn   | Place    | Note
-------+----------+-------------------------------------------
     0 | D:1      | qw the Gargoyle Hexslinger began the quest for the Orb.
     0 | D:1      | Reached XP level 1. HP: 12/12 MP: 2/2
     0 | D:1      | 0 ||| qw: Version: 0.3-a-51-g015441d
     0 | D:1      | 0 ||| qw: Game counter: 4320
     0 | D:1      | 0 ||| qw: Melee chars always use a shield: true
     0 | D:1      | 0 ||| qw: God list: Okawaru
     0 | D:1      | 0 ||| qw: Allow faded altars: false
     0 | D:1      | 0 ||| qw: Do Orc after clearing Dungeon:15 true
     0 | D:1      | 0 ||| qw: Do second Lair branch before Depths: true
     0 | D:1      | 0 ||| qw: Lair rune preference: random
     0 | D:1      | 0 ||| qw: Goals: Normal
     0 | D:1      | 0 ||| PLANNING D:1-11
    97 | D:1      | Reached XP level 2. HP: 16/16 MP: 3/3
    98 | D:1      | 98 ||| Stepping ~*~*~tactically~*~*~ (outnumbered).
   100 | D:1      | 100 ||| Stepping ~*~*~tactically~*~*~ (outnumbered).
   124 | D:1      | 124 ||| FLEEEEING.
   163 | D:1      | Reached skill level 3 in Ranged Weapons
   257 | D:1      | HP: 4/17 [rat (3)]
   263 | D:1      | Reached XP level 3. HP: 5/21 MP: 4/4
   351 | D:1      | Found a faded altar of an unknown god.
   653 | D:1      | 653 ||| UPGRADING to +0 pair of boots.
   658 | D:1      | 658 ||| READING scroll labelled NUL RAMIGRI.
   659 | D:1      | 659 ||| READING scroll labelled ZEM UDUEM ANWO.
   660 | D:1      | 660 ||| READING scroll labelled OSTESM NUTEOXAXKO.
   661 | D:1      | 661 ||| DROPPING scroll of poison.
   746 | D:2      | Slain by an iguana

Levels and vault maps discovered:
D:1:      dpeg_arrival_windows_large_door, layout_rooms,
          shapermc_ecumenical_altar_mp_highgroup, minmay_split_cup_large
D:2:      layout_rooms

Skill      XL: |  1  2 |
---------------+-------+-----
Ranged Weapons | 3 |  3.7
Fighting       | 2 |  2.0
Dodging        | |  1.5
Spellcasting   | |  1.0
Hexes          | |  2.6

Action                     || total
---------------------------++-------
   Fire: Sling             ||   109
    Use: Scroll            ||     3
 Armour: Robe              ||    26
  Dodge: Dodged            ||    80

Table legend:
 A = Non-vault XP
 B = Vault XP
 C = Vault XP percentage of total XP
 D = Non-vault monster count
 E = Vault monster count
 F = Vault count percentage of total count
                 A         B        C        D         E       F
            +---------+---------+-------+---------+---------+-------
      Total |      58 |      18 |  23.7 |      29 |       4 |  12.1
            +---------+---------+-------+---------+---------+-------
        D:1 |      41 |      18 |  30.5 |      25 |       4 |  13.8
        D:2 |      17 |       0 |   0.0 |       4 |       0 |   0.0
            +---------+---------+-------+---------+---------+-------
